 Dungeon Crawl Stone Soup version 0.30-a0-779-g7971cf19c3 (webtiles) character file.

Game seed: 4289673604201228642

7 Newt the Ducker (level 1, -1/17 HPs)
             Began as a Demonspawn Gladiator on Feb 17, 2023.
             Slain by an adder (4 damage)
             ... on level 2 of the Dungeon.
             The game lasted 00:00:16 (145 turns).

Newt the Ducker (Demonspawn Gladiator)               Turns: 145, Time: 00:00:16

Health: -1/17      AC:  5    Str: 14    XL:     1   Next: 83%
Magic:  1/1        EV: 12    Int:  9    God:
Gold:   4          SH:  0    Dex: 14    Spells: 0/0 levels left

rFire   . . .      SeeInvis .    a - +0 rapier
rCold   . . .      Faith    .    (no shield)
rNeg    . . .      Spirit   .    b - +0 leather armour
rPois   .          Reflect  .    c - +0 helmet
rElec   .          Harm     .    (no cloak)
rCorr   .          Rampage  .    f - +0 pair of gloves
Will    .....                    (no boots)
Stlth   +                        (no amulet)
HPRegen 0.22/turn                (no ring)
MPRegen 0.07/turn                (no ring)

@: lethally poisoned (-1 -> -3)
A: no striking features
a: no special abilities


You were on level 2 of the Dungeon.
You visited 1 branch of the dungeon, and saw 2 of its levels.

You collected 4 gold pieces.

Inventory:

Hand Weapons
 a - a +0 rapier (weapon)
Missiles
 d - a throwing net (quivered)
 e - a javelin
Armour
 b - a +0 leather armour (worn)
 c - a +0 helmet (worn)
 f - a +0 pair of gloves (worn)
Scrolls
 g - a scroll of identify {unknown}


   Skills:
 + Level 2.6 Fighting
 - Level 2.6 Short Blades
 - Level 1.7 Throwing
 - Level 2.6 Dodging


You couldn't memorise any spells.
You didn't know any spells.
Your spell library was empty.

Dungeon Overview and Level Annotations

Branches:
Dungeon (1/15)

Altars:

Annotations:
D:2 Jessica


Message History

You feel sick. The adder misses you.
You barely miss the adder.
You feel sick. The adder bites you.
You are more poisoned.
The adder poisons you!
Jessica mumbles some strange words.
Jessica blinks!
You miss the adder.
You feel very sick. The adder bites you but does no damage.
You closely miss the adder.
You feel sick. The adder bites you but does no damage.
You hit the adder.
The adder is lightly wounded.
* * * LOW HITPOINT WARNING * * *
You feel sick. The adder closely misses you.
Jessica shouts, "I don't like beings like you!"
Jessica gestures wildly while chanting.
Jessica blinks!
The adder barely misses you.
You barely miss the adder.
* * * LOW HITPOINT WARNING * * *
You feel sick. The adder misses you.
Throw: 3 throwing nets
Press: ? - help, Q - select action, (/) - cycle Shift-Dir - straight line, f - adder
Aim: an adder (40% to hit)
You throw a throwing net.
The throwing net barely misses the adder.
The throwing net closely misses the goblin.
* * * LOW HITPOINT WARNING * * *
You feel sick. The adder bites you but does no damage.
Jessica casts a spell.
Jessica blinks!
Throw: 2 throwing nets
Press: ? - help, Q - select action, (/) - cycle Shift-Dir - straight line, f/p - adder
Aim: an adder (40% to hit)
You throw a throwing net.
The throwing net closely misses the adder.
The throwing net hits the goblin.
The goblin is caught in the net!
* * * LOW HITPOINT WARNING * * *
You feel sick. The adder bites you.
You die...

#.......#
#.......#
#....>..#
#.......#
####.####
##.# ##..#
#..## #@##
#S#
#.....g.?.#
#...ยง.....#
#.........#
...........#
##.........#
#.....<...#
#.!.......#


You could see an adder and a goblin (caught).

Vanquished Creatures
  A bat (D:1)
  2 hobgoblins
  3 frilled lizards (D:1)
  A rat (D:1)
7 creatures vanquished.

Notes
Turn   | Place    | Note
-------+----------+-------------------------------------------
     0 | D:1      | Newt the Demonspawn Gladiator began the quest for the Orb.
     0 | D:1      | Reached XP level 1. HP: 16/16 MP: 1/1
   107 | D:1      | You fall into a shaft and drop 1 floor!
   133 | D:2      | Noticed Jessica
   145 | D:2      | Slain by an adder

Illustrated notes

Levels and vault maps discovered:
D:1:      dpeg_arrival_court, layout_basic
D:2:      layout_rooms, basic_altar, kennysheep_potato, uniq_terence,
          uniq_jessica

Action                     || total
---------------------------++-------
  Melee: Rapier            ||    22
  Throw: Throwing net      ||     2
 Armour: Leather armour    ||    12
  Dodge: Dodged            ||    19

Table legend: (Time is in decaauts)
 A = Elapsed time spent in this place.
 B = Non-inter-level travel time spent in this place.
 C = Inter-level travel time spent in this place.
 D = Time resting spent in this place.
 E = Time spent auto-exploring this place.
 F = Levels seen in this place.
 G = Mean time per level.
                   A        B        C        D        E       F      G
               +--------+--------+--------+--------+--------+-----+--------+
         Total |    146 |    146 |      0 |      0 |     88 |   2 |   73.0 |
       Dungeon |    146 |    146 |      0 |      0 |     88 |   2 |   73.0 |
               +--------+--------+--------+--------+--------+-----+--------+

Top non-repeatable levels by time:
     D:1: 108 daAuts
     D:2: 38 daAuts
